 Dungeon Crawl Stone Soup version 0.25.1-2-g60ff931df9 (webtiles) character file.

Game seed: 8270555155419658909

9859 flotson the Fighter (level 11, -13/86 HPs)
             Began as a Demonspawn Wanderer on Oct 12, 2020.
             Was a High Priest of Fedhas.
             Engulfed by an ice statue's freezing vapour (27 damage)
             ... on level 10 of the Dungeon.
             The game lasted 00:29:34 (13493 turns).

flotson the Fighter (Demonspawn Wanderer)          Turns: 13493, Time: 00:29:35

Health: -13/86     AC: 13    Str: 14    XL:     11   Next: 28%
Magic:  15/15      EV: 13    Int:  9    God:    Fedhas [*****.]
Gold:   589        SH: 12    Dex: 16    Spells: 12/12 levels left

rFire    + . .     SeeInvis .   a - +8 mace of the Unliving {drain, MR+ Int-5 Dex+2}
rCold    . . .     Gourm    .   G - +2 kite shield
rNeg     . . .     Faith    +   d - +2 scale mail
rPois    +         Spirit   .   (helmet restricted)
rElec    .         Reflect  .   y - +0 cloak (curse)
rCorr    .         Harm     .   J - +0 pair of gloves
MR       +....                  k - +0 pair of boots
Stlth    ++........             E - amulet of faith
HPRegen  0.24/turn              h - ring of poison resistance
MPRegen  0.14/turn              v - ring of stealth

@: no status effects
A: antennae 2, fire resistance 1, powered by death 2, sturdy frame 1
a: Wall of Briars, Grow Ballistomycete, Overgrow, Grow Oklob, Renounce Religion


You were on level 10 of the Dungeon.
You worshipped Fedhas.
Fedhas was extremely pleased with you.
You were not hungry.

You visited 1 branch of the dungeon, and saw 10 of its levels.
You also visited: Sewer and Ossuary.

You collected 688 gold pieces.
You spent 99 gold pieces at shops.

Inventory:

Hand Weapons
 a - the +8 mace of the Unliving (weapon) {drain, MR+ Int-5 Dex+2}
   (You found it on level 6 of the Dungeon)

   A truly terrible weapon, it drains the life of those it strikes.
   It affects your intelligence (-5).
   It affects your dexterity (+2).
   It affects your resistance to hostile enchantments.
 b - a +7 flail of draining
Missiles
 p - 8 atropa-tipped darts
 w - 47 poisoned darts (quivered)
 C - 2 curare-tipped darts
 H - a throwing net
 I - 2 boomerangs of dispersal
 L - 3 javelins
Armour
 d - a +2 scale mail (worn)
 k - a +0 pair of boots (worn)
 y - a cursed +0 cloak (worn)
 G - a +2 kite shield (worn)
 J - a +0 pair of gloves (worn)
Jewellery
 h - a ring of poison resistance (left hand)
 v - a ring of stealth (right hand)
 E - an amulet of faith (around neck)
Wands
 F - a wand of clouds (5)
 K - a wand of iceblast (9)
Scrolls
 c - 2 scrolls of holy word
 g - 3 scrolls of enchant weapon
 i - 2 scrolls of magic mapping
 l - 5 scrolls of remove curse
 m - 3 scrolls of fog
 r - 3 scrolls of enchant armour
 s - 6 scrolls of blinking
 t - 3 scrolls of teleportation
 x - 2 scrolls of fear {unknown}
 B - a scroll of immolation {unknown}
 D - 2 scrolls of amnesia {unknown}
 O - a scroll of random uselessness {unknown}
 P - a scroll of silence {unknown}
 Q - a scroll of noise {unknown}
Potions
 e - a potion of flight
 j - 2 potions of resistance
 o - 4 potions of lignification
 q - 2 potions of berserk rage
 u - a potion of mutation
 z - a potion of heal wounds
 A - 11 potions of curing
 M - a potion of cancellation
 N - 2 potions of ambrosia
Miscellaneous
 n - a phantom mirror
Comestibles
 f - 25 rations


   Skills:
 + Level 8.2 Fighting
 + Level 5.9 Maces & Flails
   Level 1.7 Crossbows
 + Level 7.2 Armour
 + Level 7.1 Dodging
 - Level 1.0 Stealth
 + Level 7.3 Shields
 - Level 1.0 Spellcasting
   Level 1.0 Hexes
   Level 1.0 Poison Magic
 + Level 6.3 Invocations


You had 12 spell levels left.
You didn't know any spells.
Your spell library contained the following spells:

 Spells                   Type           Power        Failure   Level  Hunger
 Magic Dart               Conj           #...         92%         1    ##.....
 Slow                     Hex            #.......     92%         2    ###....
 Blink                    Tloc           N/A          98%         2    ###....
 Call Imp                 Summ           #.......     98%         2    ###....
 Mephitic Cloud           Conj/Pois/Air  #.......     99%         3    ####...
 Summon Guardian Golem    Hex/Summ       #.......     99%         3    ####...
 Conjure Flame            Conj/Fire      #.......     100%        3    ####...
 Stone Arrow              Conj/Erth      #.....       100%        3    ####...
 Conjure Ball Lightning   Conj/Air       #.........   100%        6    #######
 Darkness                 Hex            #.........   100%        6    #######


Dungeon Overview and Level Annotations

Branches:
Dungeon (10/15)            Temple (0/1) D:7            Lair (0/6) D:9
  Sewer (visited)         Ossuary (visited)
    Orc: D:9-12

Altars:
Cheibriados
Dithmenos
Elyvilon
Fedhas
Hepliaklqana
Makhleb
Nemelex Xobeh
Qazlal
Ru
Sif Muna
Trog
Uskayaw
Vehumet
Xom
Yredelemnul
Zin

Shops:
D:4 ?   D:5 :   D:7 (   D:9 !   D:10 (

Annotations:
D:4 2 transporters, Godmorgon's ghost, amateur KoHu
D:10 exclusion: ice statue


Innate Abilities, Weirdness & Mutations

You have a pair of antennae on your head.
Your flesh is heat resistant. (rF+)
You regenerate health from kills.
Your movements are slightly less encumbered by armour. (ER -2)


Message History

You hit the ice statue but do no damage.
The ice statue is moderately damaged.
You hit the ice statue.
The ice statue is moderately damaged.
The ice statue gestures at you. The freezing blast engulfs you.
You sock the ice statue!
The ice statue is heavily damaged.
You are engulfed in freezing vapours.
The ice statue gestures at you. The shard of ice misses you.
You hit the ice statue but do no damage.
The ice statue is heavily damaged.
You are engulfed in freezing vapours.
* * * LOW HITPOINT WARNING * * *
You sock the ice statue!
The ice statue is severely damaged.
You are engulfed in freezing vapours.
You die...
Fedhas appreciates your contribution to the ecosystem.

###..#########.)##...##
#))..>.....8.<)∩.8....#
..)........###)##...#.##
#))....(.(.###.#..###..#
###########......(.....#
# #((..........# #
#.((...°.....# #
#....°°°.....# #
#....○@°.....# #
#....○8○...%.# #####
#...........## ....#
.............# ....#
.............# ....#
..............# ....#
.............# ....#
......#.###### ....#


You could see an ice statue.

Vanquished Creatures
  2 two-headed ogres
  A slime creature (D:9)
  An orc knight (D:8)
  Grinder (D:6)
  A spriggan (D:7)
  A wraith (D:10)
  A wyvern (D:10)
  Eustachio (D:4)
  3 yaks (D:10)
  A hungry ghost (D:9)
  A vampire mosquito (D:8)
  Edmund (D:5)
  A warg (D:8)
  An acid dragon (D:8)
  5 sky beasts
  5 orc warriors
  An ice beast (D:7)
  A necrophage (D:8)
  A phantom (D:7)
  An eye of draining (D:10)
  2 centaurs
  7 ogres
  3 big kobolds
  8 bullfrogs
  11 scorpions
  10 wights
  2 howler monkeys
  A bullfrog zombie (D:7)
  3 crimson imps
  2 centaur zombies
  7 hounds
  3 human zombies (Ossuary)
  3 jellies
  Crazy Yiuf (D:6)
  3 orc priests
  8 orc wizards
  2 centaur skeletons
  6 worker ants
  4 iguanas
  A hound skeleton (D:8)
  4 mummies
  A worker ant zombie (D:8)
  8 gnolls
  5 scorpion zombies (Ossuary)
  10 adders
  A howler monkey skeleton (D:6)
  An ooze (D:3)
  2 adder skeletons
  2 worms (D:3)
  4 dart slugs
  5 leopard geckos
  38 orcs
  7 ball pythons
  4 bats
  13 giant cockroaches
  3 gnoll zombies (Ossuary)
  12 goblins
  18 hobgoblins
  10 jackals
  5 quokkas
  7 frilled lizards
  3 goblin zombies (Ossuary)
  2 hobgoblin zombies (Ossuary)
  24 kobolds
  2 kobold zombies (Ossuary)
  A leopard gecko zombie (D:8)
  2 orc zombies (Ossuary)
  5 rats (D:1)
  A ballistomycete spore (D:8)
318 creatures vanquished.

Vanquished Creatures (collateral kills)
  A two-headed ogre (D:8)
  An orc warrior (D:8)
  10 ballistomycete spores (D:8)
12 creatures vanquished.

Vanquished Creatures (others)
  4 fungi (D:9)
  6 plants (D:4)
10 creatures vanquished.

Grand Total: 340 creatures vanquished

Notes
Turn   | Place    | Note
-------+----------+-------------------------------------------
     0 | D:1      | flotson the Demonspawn Wanderer began the quest for the
                  | Orb.
     0 | D:1      | flotson set off with the following items: a +0 dagger, a
                  | potion of curing, a +0 buckler, a +2 scale mail, a ration
     0 | D:1      | Reached XP level 1. HP: 16/16 MP: 2/2
   215 | D:1      | Gained mutation: You have a pair of small antennae on your
                  | head. [demonic ancestry]
   215 | D:1      | Reached XP level 2. HP: 14/22 MP: 3/3
   871 | D:1      | Reached skill level 1 in Dodging
  1018 | D:1      | Reached XP level 3. HP: 28/28 MP: 4/4
  2242 | D:2      | Gained mutation: Your flesh is heat resistant. (rF+)
                  | [demonic ancestry]
  2242 | D:2      | Reached XP level 4. HP: 34/34 MP: 5/5
  2288 | D:3      | Reached skill level 3 in Fighting
  2348 | D:3      | Found a glowing drain.
  2356 | Sewer    | Entered a sewer
  2671 | Sewer    | Reached XP level 5. HP: 33/41 MP: 6/6
  3593 | D:3      | Gained mutation: You regenerate a little health from kills.
                  | [demonic ancestry]
  3593 | D:3      | Reached XP level 6. HP: 47/48 MP: 7/7
  3881 | D:4      | Identified the Almanac of Entrancing Conjuration
  3904 | D:4      | Found a transporter.
  3905 | D:4      | Found a transporter.
  4311 | D:4      | Found Heatoh's Magic Scroll Emporium.
  4314 | D:4      | Bought a scroll of identify for 22 gold pieces
  4314 | D:4      | Bought a scroll of teleportation for 33 gold pieces
  4314 | D:4      | Bought a scroll of identify for 22 gold pieces
  4314 | D:4      | Bought a scroll of identify for 22 gold pieces
  4527 | D:4      | Reached skill level 4 in Fighting
  4962 | D:4      | Gained mutation: Your movements are slightly less
                  | encumbered by armour. (ER -2) [demonic ancestry]
  4962 | D:4      | Reached XP level 7. HP: 54/54 MP: 8/8
  5203 | D:4      | Found a snail-covered altar of Cheibriados.
  5263 | D:4      | Noticed Godmorgon's ghost (amateur KoHu)
  5306 | D:5      | Entered Level 5 of the Dungeon
  5316 | D:5      | Noticed Eustachio
  5553 | D:4      | Killed Eustachio
  5892 | D:5      | Noticed Edmund
  5901 | D:5      | Killed Edmund
  6381 | D:5      | Found Hilofoiro's Book Emporium.
  6472 | D:5      | Found a blossoming altar of Fedhas.
  6479 | D:5      | Became a worshipper of Fedhas Madash
  6633 | D:6      | Found a runed translucent door.
  6634 | D:6      | Noticed Crazy Yiuf
  6638 | D:6      | Killed Crazy Yiuf
  6649 | D:6      | Got a bloodstained mace
  6650 | D:6      | Identified the +8 mace of the Unliving {drain, MR+ Int-5
                  | Dex+2} (You found it on level 6 of the Dungeon)
  6724 | D:6      | Found a sand-covered staircase.
  6727 | Ossuary  | Entered an ossuary
  6791 | Ossuary  | Reached skill level 5 in Fighting
  6791 | Ossuary  | Gained mutation: You have a pair of antennae on your head.
                  | [demonic ancestry]
  6791 | Ossuary  | Reached XP level 8. HP: 61/62 MP: 9/9
  6833 | Ossuary  | Reached skill level 1 in Maces & Flails
  6984 | Ossuary  | Reached * piety under Fedhas
  7320 | D:6      | Noticed Grinder
  7394 | D:6      | Killed Grinder
  7394 | D:6      | Reached skill level 5 in Shields
  7459 | D:6      | Reached skill level 5 in Armour
  7505 | D:6      | Reached skill level 6 in Fighting
  7505 | D:6      | Reached XP level 9. HP: 47/69 MP: 10/10
  7506 | D:6      | Reached skill level 5 in Dodging
  7634 | D:6      | Found a glowing silver altar of Zin.
  7743 | D:6      | Found a shimmering altar of Xom.
  7823 | D:6      | Found a sacrificial altar of Ru.
  8093 | D:6      | Found a stormy altar of Qazlal.
  8105 | D:6      | Reached ** piety under Fedhas
  8274 | D:7      | Found a staircase to the Ecumenical Temple.
  8308 | D:7      | Found a basalt altar of Yredelemnul.
  8574 | D:7      | Reached skill level 1 in Invocations
  9351 | D:7      | Found a bloodstained altar of Trog.
  9480 | D:7      | Reached *** piety under Fedhas
  9688 | D:7      | Found a sparkling altar of Nemelex Xobeh.
  9690 | D:7      | Found a snail-covered altar of Cheibriados.
  9691 | D:7      | Found a radiant altar of Vehumet.
  9692 | D:7      | Found a hide-covered altar of Uskayaw.
  9693 | D:7      | Found a shimmering blue altar of Sif Muna.
  9694 | D:7      | Found a burning altar of Makhleb.
  9842 | D:7      | Found Pixabeq's Antique Weapon Shop.
 10099 | D:7      | Reached XP level 10. HP: 69/77 MP: 12/12
 10296 | D:8      | Reached skill level 7 in Fighting
 10564 | D:8      | Noticed an orc knight
 10648 | D:8      | Killed an orc knight
 10823 | D:8      | Reached **** piety under Fedhas
 11089 | D:8      | Noticed a two-headed ogre
 11136 | D:8      | Killed a two-headed ogre
 11201 | D:8      | Reached skill level 5 in Maces & Flails
 11476 | D:8      | Found a white marble altar of Elyvilon.
 11608 | D:8      | Noticed a two-headed ogre
 11631 | D:8      | Killed a two-headed ogre
 11631 | D:8      | Reached skill level 5 in Invocations
 12041 | D:9      | Found a staircase to the Lair.
 12085 | D:9      | Found a hazy altar of Hepliaklqana.
 12286 | D:9      | Gained mutation: You regenerate health from kills. [demonic
                  | ancestry]
 12286 | D:9      | Reached XP level 11. HP: 29/86 MP: 15/15
 12464 | D:9      | Found Fugiurud's Distillery.
 12779 | D:10     | Entered Level 10 of the Dungeon
 12823 | D:10     | Reached skill level 8 in Fighting
 12952 | D:10     | Found a shadowy altar of Dithmenos.
 13048 | D:10     | Noticed a two-headed ogre
 13061 | D:10     | Killed a two-headed ogre
 13171 | D:10     | Found Loerhitt's Weapon Shoppe.
 13205 | D:10     | Reached ***** piety under Fedhas
 13493 | D:10     | Engulfed by an ice statue's freezing vapour

Illustrated notes

Levels and vault maps discovered:
D:1:      kennysheep_arrival_seaside, layout_basic
D:2:      layout_basic
D:3:      cheibrodos_helix_gallery, layout_rooms, first_ration,
          cheibrodos_sewer_entry_bend
D:4:      cheibrodos_old_hovel, layout_loops_corners, serial_shops,
          kennysheep_mini, gammafunk_ghost_gnarly_gnolls, chei_slow_surprise
D:5:      layout_basic, serial_curves, eino_curves_02, eino_curves_01,
          serial_shops, shop, fountainhead, fedhas_altar_fruit_tree,
          uniq_edmund, uniq_eustachio
D:6:      layout_loops_ring, zin_academy, nicolae_qazlal_eye_of_the_storm,
          nicolae_ru_the_path_less_chosen, lightli_ossuary_entry_decrepit_ruins,
          basic_altar, uniq_crazy_yiuf_cottage, uniq_grinder
D:7:      corexii_shantytown, layout_basic, minitemple,
          minmay_temple_entry_sparse_star, serial_shops, shop, the_bakery,
          bloody_trog
D:8:      layout_rooms, lemuel_round_altar, minmay_the_grid_2x2
          [minmay_the_grid_minigrid_small, minmay_the_grid_dragon_a,
          minmay_the_grid_armoury, minmay_the_grid_prize_inner_circle]
D:9:      layout_basic, lemuel_crystal_altar, dpeg_oklobed_lair, serial_shops,
          nicolae_shop_stone
D:10:     layout_rooms, orc_0_dummy, serial_shops, shop_statue, minivault_16,
          grunt_dithmenos_smoke

Skill      XL: |  1  2  3  4  5  6  7  8  9 10 11 |
---------------+----------------------------------+-----
Dodging        | 1 2 3 4 5 6 7 |  7.1
Fighting       | 3 4 5 6 7 8 |  8.2
Armour         | 2 3 4 5 6 7 |  7.2
Shields        | 2 3 4 5 6 7 |  7.3
Maces & Flails | 2 4 5 |  5.9
Invocations    | 2 5 6 |  6.3
Crossbows      | |  1.7
Stealth        | |  1.0
Spellcasting   | |  1.0
Hexes          | |  1.0
Poison Magic   | |  1.0

Action                   |  1- 3 |  4- 6 |  7- 9 | 10-12 || total
-------------------------+-------+-------+-------+-------++-------
Melee: Dagger            |   175 |   222 |    56 |       ||   453
       Rapier            |       |       |    28 |       ||    28
       Flail             |       |       |    13 |       ||    13
       Mace              |       |       |   375 |   396 ||   771
Throw: Dart              |       |       |    13 |     9 ||    22
Invok: Wall of Briars    |       |       |       |     6 ||     6
       Grow Ballistomyce |       |       |       |     1 ||     1
  Use: Scroll            |       |     4 |    10 |     6 ||    20
       Potion            |       |       |     1 |       ||     1
 Stab: Sleeping          |       |       |    11 |     2 ||    13
       Distracted        |       |       |     1 |       ||     1
  Eat: Chunk             |     4 |     9 |    13 |    11 ||    37
       Ration            |       |       |     1 |     2 ||     3
Armor: Scale mail        |    83 |    91 |   190 |   106 ||   470
Dodge: Dodged            |    68 |    77 |   298 |   161 ||   604
Block: Buckler           |    34 |    22 |   126 |       ||   182
       Kite shield       |       |       |    27 |   272 ||   299
